 Dungeon Crawl Stone Soup version 0.29.1-12-g30fa7ad0bf (webtiles) character file.

Game seed: 9969757701517096588

3022 FexLirch the Transmogrifier (level 9, -3/58 HPs)
             Began as a Deep Elf Transmuter on Dec 26, 2022.
             Slain by Grum
             ... wielding a -2 spear
              (12 damage)
             ... on level 8 of the Dungeon on Dec 27, 2022.
             The game lasted 00:25:17 (10265 turns).

FexLirch the Transmogrifier (Deep Elf Transmuter)  Turns: 10265, Time: 00:25:17

Health: -3/58      AC:  9    Str:  7    XL:     9   Next: 55%
Magic:  15/18      EV: 11    Int: 23    God:
Gold:   612        SH:  0    Dex: 15    Spells: 8/18 levels left

rFire   . . .      SeeInvis .     - Unarmed
rCold   + + +      Faith    .   (shield currently unavailable)
rNeg    . . .      Spirit   .   (body armour currently unavailable)
rPois   +          Reflect  .   (helmet currently unavailable)
rElec   .          Harm     .   (cloak currently unavailable)
rCorr   .          Rampage  .   (gloves currently unavailable)
Will    .....                   (boots currently unavailable)
Stlth   +.........              (no amulet)
HPRegen 0.19/turn               p - ring of protection from fire
MPRegen 0.16/turn               (no ring)

@: ice-form, wereblooded, flying
A: freezing attack, amphibious, boosted hp, large
a: End Transformation


You were on level 8 of the Dungeon.
You were a creature of crystalline ice.
You visited 2 branches of the dungeon, and saw 9 of its levels.
You also visited: Ossuary.

You collected 612 gold pieces.

Inventory:

Hand Weapons
 z - a +3 dagger of electrocution
Armour
 a - a +0 robe (melded)
 h - a +0 kite shield
 y - a +0 buckler
 C - a +0 helmet
Magical Staves
 e - a staff of fire
Jewellery
 p - a ring of protection from fire (left front paw)
Wands
 i - a wand of flame (20)
 v - a wand of charming (22)
Scrolls
 f - a scroll of amnesia
 g - 3 scrolls of teleportation {unknown}
 j - a scroll of fog {unknown}
 k - 3 scrolls of magic mapping
 l - 2 scrolls of noise
 m - 2 scrolls of immolation {unknown}
 n - 3 scrolls of enchant armour {unknown}
 q - 2 scrolls of blinking {unknown}
 s - 2 scrolls of enchant weapon
 t - a scroll of brand weapon {unknown}
 u - 2 scrolls of fear
 w - 2 scrolls of summoning {unknown}
 A - 2 scrolls of vulnerability {unknown}
 D - 4 scrolls of identify
Potions
 b - 3 potions of lignification
 c - 5 potions of degeneration
 d - 3 potions of curing {unknown}
 o - 2 potions of mutation
 r - 2 potions of heal wounds {unknown}
 x - 2 potions of flight
 B - 3 potions of attraction {unknown}
 E - 2 potions of berserk rage {unknown}


   Skills:
 + Level 2.4 Fighting
 + Level 4.3 Dodging
 + Level 5.3 Unarmed Combat
 - Level 5.0 Spellcasting
 * Level 10.1 Transmutations
 + Level 5.6 Ice Magic
 - Level 3.0 Poison Magic


You had 8 spell levels left.
You knew the following spells:

 Your Spells              Type           Power      Damage    Failure   Level
a - Beastly Appendage     Tmut           100%       N/A       1%          1
b - Wereblood             Tmut           51%        N/A       1%          2
c - Spider Form           Tmut/Pois      36%        N/A       1%          3
d - Ice Form              Ice/Tmut       42%        N/A       3%          4

Your spell library contained the following spells:

 Spells                   Type           Power      Damage    Failure   Level
 Passwall                 Tmut/Erth      24%        N/A       1%          2
 Ignite Poison            Fire/Tmut/Pois 25%        N/A       4%          3
 Sandblast                Erth           10%        2d5       10%         1
 Summon Small Mammal      Summ           20%        N/A       10%         1
 Static Discharge         Conj/Air       5%         3-4/arc   14%         2
 Mephitic Cloud           Conj/Pois/Air  10%        N/A       19%         3
 Call Canine Familiar     Summ           5%         N/A       28%         3
 Portal Projectile        Hex/Tloc       10%        N/A       28%         3
 Stone Arrow              Conj/Erth      10%        3d7       28%         3
 Summon Guardian Golem    Hex/Summ       5%         N/A       28%         3
 Dispel Undead            Necr           5%         3d7       67%         4
 Leda's Liquefaction      Hex/Erth       2%         N/A       67%         4
 Sticky Flame             Conj/Fire      5%         2d3       67%         4
 Freezing Cloud           Conj/Ice/Air   7%         6-21      77%         5


Dungeon Overview and Level Annotations

Branches:
Dungeon (8/15)             Temple (1/1) D:6         Ossuary (visited)
   Lair: D:8-11

Altars:
Cheibriados
Dithmenos
Elyvilon
Fedhas
Hepliaklqana
Kikubaaqudgha
Okawaru
Qazlal
Ru
Sif Muna
Uskayaw
Vehumet
Wu Jian
The Shining One

Annotations:
D:8 Grum


Message History

The wolf attacks as you move away! The wolf bites you.
You howl as the wereblood boils in your veins!
You hear a howl!
The wolf closely misses you.
You hit the wolf but do no damage.
The wolf is lightly wounded.
The wolf bites you. Grum hits you but does no damage.
You punch the wolf! You freeze the wolf.
The wolf is severely wounded.
The wolf bites you. The wolf closely misses you.
You hit the wolf. You freeze the wolf.
The wolf is almost dead.
The wolf bites you but does no damage. Grum hits you but does no damage.
You hit the wolf. You freeze the wolf.
You feel a bit better.
You kill the wolf!
Grum hits you from afar with a -2 spear!
Grum closely misses you.
You see here a wolf corpse.
You punch Grum! You freeze Grum.
Grum is moderately wounded.
Grum hits you with a -2 spear!
You punch Grum! You freeze Grum.
Grum is severely wounded.
Grum hits you with a -2 spear.
You hit Grum. You freeze Grum.
Grum is almost dead.
Grum zaps a wand.
The puff of flame hits you!
You hit Grum but do no damage.
Grum is almost dead.
Grum hits you with a -2 spear!
* * * LOW HITPOINT WARNING * * *
You hit Grum. You freeze Grum.
Grum is almost dead.
You howl as the wereblood boils in your veins!
Grum zaps a wand.
The puff of flame hits you.
* * * LOW HITPOINT WARNING * * *
It was a potion of flight.
You feel very buoyant.
You fly up into the air.
Grum hits you with a -2 spear!
You die...

##### #...# ##.
##...##########....
#<......#........#
##.#####.#......#.#h
###......#Y#..........
#.##.....#g#......#.#.
#.##......h.h......>#
###..#.....#.#..#.#####
#.......(..#........
#.#........######..#.#
#.#........... ..# ..
#)#.......#### .## #
#)#.#####.#


You could see Grum and a wolf.

Vanquished Creatures
  A wyvern (D:7)
  A steam dragon (D:7)
  Menkaure (D:7)
  3 water moccasins
  An ice beast (D:6)
  A black bear (D:5)
  2 sky beasts (D:6)
  2 orc warriors (D:6)
  2 wolves (D:8)
  2 ogres
  A phantom (D:6)
  A kobold brigand (D:7)
  A necrophage (D:6)
  A bullfrog (D:7)
  2 scorpions (D:6)
  A howler monkey (D:5)
  2 jellies
  4 hounds
  5 orc priests
  A gnoll bouda (D:8)
  4 iguanas
  7 orc wizards
  8 mummies (Ossuary)
  7 gnolls
  9 adders
  2 shadow imps
  A white imp (D:5)
  4 worms
  A dart slug (D:3)
  19 orcs
  12 endoplasms
  3 giant cockroaches
  3 gnoll zombies (Ossuary)
  10 goblins
  9 hobgoblins
  8 jackals (D:2)
  11 kobolds
  3 quokkas
  6 ball pythons
  4 bats
  A frilled lizard (D:3)
  2 hobgoblin zombies (Ossuary)
  A kobold zombie (Ossuary)
  2 orc zombies (Ossuary)
  6 rats
178 creatures vanquished.

Vanquished Creatures (others)
  An orc wizard (D:6)
1 creature vanquished.

Grand Total: 179 creatures vanquished

Notes
Turn   | Place    | Note
-------+----------+-------------------------------------------
     0 | D:1      | FexLirch the Deep Elf Transmuter began the quest for the
                  | Orb.
     0 | D:1      | Reached XP level 1. HP: 11/11 MP: 6/6
   421 | D:1      | Found a faded altar of an unknown god.
   533 | D:1      | Reached skill level 1 in Poison Magic
   533 | D:1      | Reached XP level 2. HP: 11/16 MP: 6/8
   539 | D:1      | Learned a level 2 spell: Wereblood
  1501 | D:2      | Reached skill level 3 in Transmutations
  1501 | D:2      | Reached XP level 3. HP: 20/20 MP: 5/9
  1505 | D:2      | Learned a level 3 spell: Spider Form
  2740 | D:3      | Found a hazy altar of Hepliaklqana.
  2998 | D:3      | Reached XP level 4. HP: 23/24 MP: 2/11
  3076 | D:3      | Identified the +4 rapier of Diet Blood {vorpal, rElec Int+3
                  | Stlth-}
  3597 | D:4      | HP: 1/24 [iguana (9)]
  4189 | D:4      | Reached skill level 4 in Transmutations
  4189 | D:4      | Reached XP level 5. HP: 21/28 MP: 9/13
  4636 | D:4      | Found a white marble altar of Elyvilon.
  4636 | D:4      | Found an ornate altar of the Wu Jian Council.
  4919 | D:5      | Entered Level 5 of the Dungeon
  4956 | D:5      | Found a radiant altar of Vehumet.
  5030 | D:5      | Reached skill level 5 in Transmutations
  5155 | D:5      | Noticed a black bear
  5166 | D:5      | Killed a black bear
  5167 | D:5      | Reached skill level 5 in Spellcasting
  5167 | D:5      | Reached XP level 6. HP: 26/33 MP: 12/15
  5720 | D:4      | Learned a level 4 spell: Ice Form
  5853 | D:5      | Reached skill level 6 in Transmutations
  5964 | D:5      | Reached skill level 1 in Ice Magic
  6231 | D:5      | Reached XP level 7. HP: 27/37 MP: 13/16
  7106 | D:6      | Reached skill level 7 in Transmutations
  7264 | D:6      | Found a stormy altar of Qazlal.
  7514 | D:6      | Reached XP level 8. HP: 27/42 MP: 10/17
  7908 | D:6      | Reached skill level 8 in Transmutations
  8097 | D:6      | Found a staircase to the Ecumenical Temple.
  8624 | D:6      | Reached skill level 9 in Transmutations
  8626 | D:6      | Reached skill level 1 in Fighting
  9036 | D:7      | Noticed Menkaure
  9051 | D:7      | Killed Menkaure
  9052 | D:7      | Reached XP level 9. HP: 46/47 MP: 12/18
  9342 | D:7      | Reached skill level 5 in Ice Magic
  9402 | D:7      | Reached skill level 5 in Unarmed Combat
  9622 | D:7      | Found a sand-covered staircase.
  9626 | Ossuary  | Entered an ossuary
  9993 | Temple   | Entered the Ecumenical Temple
 10201 | D:8      | Reached skill level 10 in Transmutations
 10251 | D:8      | Noticed Grum
 10265 | D:8      | Slain by Grum

Illustrated notes

Levels and vault maps discovered:
D:1:      nicolae_arrival_memento_mori, layout_basic,
          shapermc_ecumenical_altar_acropolis
D:2:      layout_loops_corners, minmay_misc_feat_doors,
          minmay_misc_feat_secret_circle
D:3:      layout_rooms, general_overflow_altar, serial_forest,
          infiniplex_forest_clump_small, infiniplex_forest_lined_corner,
          infiniplex_forest_lined_2, infiniplex_forest_pool,
          infiniplex_forest_lined_room_3, infiniplex_forest_clump_double,
          st_stairs_5, due_unseen_surprise
D:4:      layout_basic, gammafunk_temple_overflow_statue, minivault_14,
          hangedman_decor_riveting, nicolae_wormholes
D:5:      layout_basic, vehumet_altar_wand_db
D:6:      minmay_angry_zag, layout_basic, mainiacjoe_overflow_six_doors_small,
          minmay_temple_entry_water_ring, eino_small_chamber_without_monster
D:7:      layout_rooms, nicolae_ossuary_entry_false_entrances, uniq_menkaure
D:8:      layout_basic, nemelex_spade_bored_becter,
          mainiacjoe_overflow_surrounded_room, evilmike_ruin_ashenzari,
          lair_entry_dummy, minmay_manual_mail, uniq_grum, uniq_joseph
Temple:   hellmonk_temple_forest_ring

Skill      XL: |  1  2  3  4  5  6  7  8  9 |
---------------+----------------------------+-----
Poison Magic   | 1 2 3 |  3.0
Transmutations | 3 4 5 6 7 9 10 | 10.1
Spellcasting   | 4 5 |  5.0
Unarmed Combat | 3 4 5 |  5.3
Ice Magic      | 1 3 4 5 |  5.6
Fighting       | 1 2 |  2.4
Dodging        | 3 4 |  4.3

Action                   |  1- 3 |  4- 6 |  7- 9 || total
-------------------------+-------+-------+-------++-------
Melee: Unarmed           |   128 |   152 |   314 ||   594
       Kick              |    33 |    10 |       ||    43
       Headbutt          |    16 |     6 |       ||    22
       Punch             |       |     1 |       ||     1
 Cast: Beastly Appendage |    29 |     9 |       ||    38
       Wereblood         |    15 |    18 |    20 ||    53
       Spider Form       |     6 |    17 |    11 ||    34
       Ice Form          |       |       |    17 ||    17
  Use: Scroll            |       |     4 |     3 ||     7
       Potion            |       |       |     2 ||     2
 Stab: Sleeping          |     1 |     1 |       ||     2
Armor: Robe              |    15 |     5 |     2 ||    22
       Skin              |     1 |     8 |   107 ||   116
Dodge: Dodged            |    80 |   146 |   139 ||   365
